 Dungeon Crawl Stone Soup version 0.31-a0-920-g28cbb04a8c (webtiles) character file.

Game seed: 16845178946925525929

67 croobank the Ducker (level 4, -3/41 HPs)
             Began as a Gnoll Monk on Oct 17, 2023.
             Slain by Natasha (8 damage)
             ... on level 2 of the Dungeon.
             The game lasted 00:03:01 (1603 turns).

croobank the Ducker (Gnoll Monk)                    Turns: 1603, Time: 00:03:02

Health: -3/41      AC:  2    Str: 10    XL:     4   Next: 16%
Magic:  14/14      EV: 15    Int: 14    God:
Gold:   32         SH:  0    Dex: 15    Spells: 5/5 levels left

rFire   . . .        a - +0 short sword
rCold   . . .        d - orb {light}
rNeg    . . .        b - +0 robe
rPois   .            (no helmet)
rElec   .            (no cloak)
rCorr   .            (no gloves)
SInv    +            (no boots)
Will    .....        j - amulet "Feffiem" {Acrobat Int+3 SInv}
Stlth   +            e - ring of magical power
HPRegen 0.26/turn    (no ring)
MPRegen 0.14/turn

%: acrobat
@: confused, brilliant, ambrosia-drunk, slowed, glowing, very slow
A: fangs 1, strong nose, distributed training
a: no special abilities


You were on level 2 of the Dungeon.
You visited 1 branch of the dungeon, and saw 2 of its levels.

You collected 32 gold pieces.

Inventory:

Hand Weapons
 a - a +0 short sword (weapon)
 g - a +0 war axe
Armour
 b - a +0 robe (worn)
 d - an orb of light (worn)
Jewellery
 e - a ring of magical power (left hand)
 j - the amulet "Feffiem" (around neck) {Acrobat Int+3 SInv}
   (You found it on level 2 of the Dungeon)

   [amulet of the acrobat]

   Acrobat:   It increases your evasion while moving and waiting.
   Int+3:     It affects your intelligence (+3).
   SInv:      It lets you see invisible.
Scrolls
 i - a scroll of identify
Potions
 f - a potion of mutation
 k - a potion of magic {unknown}


   Skills:
 + Level 6.6 Fighting
 + Level 6.6 Short Blades
 + Level 1.1 Long Blades
 + Level 1.1 Axes
 + Level 1.1 Maces & Flails
 + Level 1.1 Polearms
 + Level 1.1 Staves
 + Level 1.1 Ranged Weapons
 + Level 1.1 Throwing
 + Level 1.1 Armour
 + Level 6.6 Dodging
 + Level 1.1 Stealth
 + Level 1.1 Shields
 + Level 1.1 Unarmed Combat
 + Level 1.1 Spellcasting
 + Level 0.8 Conjurations
 + Level 0.8 Hexes
 + Level 0.8 Summonings
 + Level 0.8 Necromancy
 + Level 0.8 Translocations
 + Level 0.8 Transmutations
 + Level 0.8 Fire Magic
 + Level 0.8 Ice Magic
 + Level 0.8 Air Magic
 + Level 0.8 Earth Magic
 + Level 0.8 Poison Magic
 + Level 1.2 Invocations
 + Level 1.1 Evocations
 + Level 1.0 Shapeshifting


You had 5 spell levels left.
You didn't know any spells.
Your spell library contained the following spells:

 Spells                   Type           Power      Damage    Failure   Level
 Slow                     Hex            16%        N/A       19%         1
 Confusing Touch          Hex            4%         N/A       50%         3
 Sigil of Binding         Hex            4%         N/A       50%         3
 Vampiric Draining        Necr           4%         2d6       50%         3


Dungeon Overview and Level Annotations

Branches:
Dungeon (2/15)

Altars:

Annotations:
D:2 1 runed translucent door, Crazy Yiuf, Natasha


Innate Abilities, Weirdness & Mutations

You have very sharp teeth.
Your uncanny sense of smell can sniff out nearby items.
Your experience applies equally to all skills.


Message History

The rat completely misses you.
You closely miss Natasha. You bite Natasha.
Natasha is moderately wounded.
The quokka misses you.
Natasha stares at you and mumbles some strange words.
The magic dart hits you.
The cerulean imp hits you from afar with a +1 spear.
The rat barely misses you. The quokka completely misses you.
You closely miss Natasha.
Natasha is moderately wounded.
Natasha barely misses you. The quokka misses you.
The cerulean imp hits you from afar with a +1 spear.
The rat misses you.
You barely miss Natasha.
Natasha is moderately wounded.
Natasha claws you. The quokka closely misses you.
The cerulean imp barely misses you. The rat closely misses you.
You closely miss Natasha.
Natasha is moderately wounded.
Natasha claws you.
* * * LOW HITPOINT WARNING * * *
The quokka closely misses you. The cerulean imp misses you.
The rat closely misses you.
You aren't carrying any items that you can evoke.
It was a potion of brilliance.
You feel clever all of a sudden. The quokka misses you. Natasha misses you.
The cerulean imp hits you from afar with a +1 spear.
* * * LOW HITPOINT WARNING * * *
The rat closely misses you.
The quokka bites you but does no damage.
Natasha claws you!
* * * LOW HITPOINT WARNING * * *
You are confused.
You feel invigorated. The quokka misses you.
The cerulean imp hits you from afar with a +1 spear.
* * * LOW HITPOINT WARNING * * *
The rat barely misses you. Natasha claws you!
You die...
Natasha curls up and begins to purr.

### ## #.. .# #.# .#
#.# .# #####.##### .#
#.........##r####.#
#.###.###..@r...... #.#
#.# ####h...#.#
####.###.######5......
##..................###
#.........########.##
#..##.##..# .#
##..##.##..# #
.#..##†##..#
†#..##.##..#


You could see Natasha, a cerulean imp (summoned), a quokka and a rat.

Vanquished Creatures
  2 adders (D:2)
  A dart slug (D:2)
  3 ball pythons
  4 endoplasms
  2 giant cockroaches (D:1)
  2 goblins
  7 hobgoblins
  3 jackals (D:2)
  2 quokkas (D:1)
  4 bats
  2 frilled lizards
  6 kobolds (D:1)
  3 rats
41 creatures vanquished.

Notes
Turn   | Place    | Note
-------+----------+-------------------------------------------
     0 | D:1      | croobank the Gnoll Monk began the quest for the Orb.
     0 | D:1      | Reached XP level 1. HP: 23/23 MP: 1/1
   240 | D:1      | Reached XP level 2. HP: 29/29 MP: 2/2
   622 | D:1      | Reached XP level 3. HP: 33/35 MP: 3/3
   989 | D:2      | Reached skill level 1 in Invocations
  1274 | D:2      | Reached skill level 1 in Long Blades
  1274 | D:2      | Reached skill level 1 in Axes
  1274 | D:2      | Reached skill level 1 in Maces & Flails
  1274 | D:2      | Reached skill level 1 in Polearms
  1274 | D:2      | Reached skill level 1 in Staves
  1274 | D:2      | Reached skill level 1 in Ranged Weapons
  1274 | D:2      | Reached skill level 1 in Throwing
  1274 | D:2      | Reached skill level 1 in Armour
  1274 | D:2      | Reached skill level 1 in Stealth
  1274 | D:2      | Reached skill level 1 in Shields
  1274 | D:2      | Reached skill level 1 in Unarmed Combat
  1274 | D:2      | Reached skill level 1 in Spellcasting
  1274 | D:2      | Reached skill level 1 in Evocations
  1330 | D:2      | Found a runed translucent door.
  1331 | D:2      | Noticed Crazy Yiuf
  1466 | D:2      | Identified the amulet "Feffiem" {Acrobat Int+3 SInv}
  1540 | D:2      | Reached XP level 4. HP: 41/41 MP: 5/5
  1568 | D:2      | Reached skill level 1 in Shapeshifting
  1591 | D:2      | Noticed Natasha
  1602 | D:2      | HP: 1/41 [Natasha (8)]
  1603 | D:2      | Slain by Natasha

Illustrated notes

Levels and vault maps discovered:
D:1:      dpeg_arrival_three_same_balls, layout_rooms, st_stairs_13,
          minmay_misc_feat_x
D:2:      layout_loops_corners, uniq_jessica, uniq_natasha,
          uniq_crazy_yiuf_cottage

Skill      XL: |  1  2  3  4 |
---------------+-------------+-----
Invocations    | 1 |  1.2
Long Blades    | 1 |  1.1
Axes           | 1 |  1.1
Maces & Flails | 1 |  1.1
Polearms       | 1 |  1.1
Staves         | 1 |  1.1
Ranged Weapons | 1 |  1.1
Throwing       | 1 |  1.1
Armour         | 1 |  1.1
Stealth        | 1 |  1.1
Shields        | 1 |  1.1
Unarmed Combat | 1 |  1.1
Spellcasting   | 1 |  1.1
Evocations     | 1 |  1.1
Shapeshifting  | 1 |  1.0
Fighting       | |  6.6
Short Blades   | |  6.6
Dodging        | |  6.6
Conjurations   | |  0.8
Hexes          | |  0.8
Summonings     | |  0.8
Necromancy     | |  0.8
Translocations | |  0.8
Transmutations | |  0.8
Fire Magic     | |  0.8
Ice Magic      | |  0.8
Air Magic      | |  0.8
Earth Magic    | |  0.8
Poison Magic   | |  0.8

Action                     |  1- 3 |  4- 6 || total
---------------------------+-------+-------++-------
  Melee: Short sword       |   145 |    20 ||   165
         Bite              |    19 |     4 ||    23
    Use: Scroll            |     1 |       ||     1
         Potion            |       |     2 ||     2
 Armour: Robe              |    41 |    18 ||    59
  Dodge: Dodged            |    71 |    34 ||   105

Table legend: (Time is in decaauts)
 A = Elapsed time spent in this place.
 B = Non-inter-level travel time spent in this place.
 C = Inter-level travel time spent in this place.
 D = Time resting spent in this place.
 E = Time spent auto-exploring this place.
 F = Levels seen in this place.
 G = Mean time per level.
                   A        B        C        D        E       F      G
               +--------+--------+--------+--------+--------+-----+--------+
         Total |   1553 |   1483 |     70 |    217 |    996 |   2 |  776.5 |
       Dungeon |   1553 |   1483 |     70 |    217 |    996 |   2 |  776.5 |
               +--------+--------+--------+--------+--------+-----+--------+

Top non-repeatable levels by time:
     D:1: 809 daAuts
     D:2: 743 daAuts
